 Dungeon Crawl Stone Soup version 0.24.0-123-gd5b16e6ec5 (webtiles) character file.

Game seed: 3208261737038599630, levelgen mode: deterministic

128 Delamore the Chopper (level 5, -5/41 HPs)
             Began as a Formicid Fighter on Jan 8, 2020.
             Slain by Crazy Yiuf
             ... wielding a +2 quarterstaff of chaos
              (12 damage)
             ... on level 2 of the Dungeon.
             The game lasted 00:01:41 (1943 turns).

Delamore the Chopper (Formicid Fighter)             Turns: 1943, Time: 00:01:41

Health: -5/41      AC:  9    Str: 22    XL:     5   Next: 33%
Magic:  5/5        EV:  8    Int:  7    God:
Gold:   63         SH:  9    Dex: 10    Spells: 4/4 levels left

rFire    . . .     SeeInvis +   a - +0 war axe
rCold    . . .     Gourm    .   c - +0 shield
rNeg     . . .     Faith    .   b - +0 scale mail
rPois    .         Spirit   .   (helmet unavailable)
rElec    .         Reflect  .   e - +1 cloak
rCorr    .         Harm     .   (no gloves)
MR       .....                  (no boots)
Stlth    ..........             m - amulet of rage
HPRegen  0.13/turn              (no ring)
MPRegen  0.09/turn              (no ring)

@: very slightly contaminated, invisible
A: permanent stasis, dig shafts and tunnels, four strong arms, antennae 3
a: Dig, Shaft Self


You were on level 2 of the Dungeon.
You were hungry.

You visited 1 branch of the dungeon, and saw 2 of its levels.

You collected 63 gold pieces.

Inventory:

Hand Weapons
 a - a +0 war axe (weapon)
Armour
 b - a +0 scale mail (worn)
 c - a +0 shield (worn)
 e - a +1 cloak (worn)
Jewellery
 m - an amulet of rage (around neck)
Scrolls
 g - a scroll of noise {unknown}
 h - 2 scrolls of teleportation {unknown}
 i - a scroll of remove curse {unknown}
 j - 2 scrolls of enchant armour {unknown}
 l - a scroll of amnesia {unknown}
 n - 2 scrolls of magic mapping {unknown}
Potions
 d - 2 potions of might
 k - a potion of ambrosia {unknown}
 p - a potion of resistance
Comestibles
 f - 7 rations


   Skills:
 - Level 3.2 Fighting
 + Level 5.1 Axes
 - Level 3.2 Armour
 - Level 3.6 Shields


You had 4 spell levels left.
You didn't know any spells.
Your spell library was empty.

Dungeon Overview and Level Annotations

Branches:
Dungeon (2/15)

Altars:
Makhleb
The Shining One

Annotations:
D:2 Crazy Yiuf


Innate Abilities, Weirdness & Mutations

You cannot be hasted, slowed, berserked, paralysed or teleported.
You can dig through walls and to a lower floor.
Your four strong arms can wield two-handed weapons with a shield.
You have a pair of large antennae on your head. (SInv)


Message History

Crazy Yiuf barely misses you.
Crazy Yiuf says, "Candle childish shoe!"
Crazy Yiuf hits you with a +2 quarterstaff of chaos.
You fade into invisibility!
You are very lightly contaminated with residual magic.
You barely miss Crazy Yiuf.
Crazy Yiuf is severely wounded.
You block Crazy Yiuf's attack.
Crazy Yiuf hits you with a +2 quarterstaff of chaos!
* * * LOW HITPOINT WARNING * * *
Crazy Yiuf burns you.
* * * LOW HITPOINT WARNING * * *
You closely miss Crazy Yiuf.
Crazy Yiuf is severely wounded.
Crazy Yiuf closely misses you.
You completely miss Crazy Yiuf.
Crazy Yiuf is severely wounded.
Crazy Yiuf yells, "Orb!"
Crazy Yiuf hits you with a +2 quarterstaff of chaos!
You die...

#..# #....#
#...##......
#..# ♣.♣..♣
#...##.###.#
#..# ♣...♣♣
######.# #..
#..# ♣♣.♣♣
#### #.# ###
#### ♣.♣♣
#..# #.#
♣♣.♣
##.###.#
♣.♣♣ #.....#
♣♣.♣ #.#####
#@# #.....#
#.g.#
#.###(#
#...#
#.....#
#..)#
#######
#####


You could see Crazy Yiuf.

Vanquished Creatures
  An orc wizard (D:2)
  A worker ant (D:2)
  An adder (D:2)
  4 worms (D:2)
  2 dart slugs (D:1)
  2 orcs (D:2)
  3 bats
  2 giant cockroaches
  A goblin (D:2)
  10 hobgoblins
  8 jackals (D:2)
  8 kobolds
  A ball python (D:2)
  2 frilled lizards
  5 rats
51 creatures vanquished.

Vanquished Creatures (others)
  An orc (D:2)
1 creature vanquished.

Grand Total: 52 creatures vanquished

Notes
Turn   | Place    | Note
-------+----------+-------------------------------------------
     0 | D:1      | Delamore the Formicid Fighter began the quest for the Orb.
     0 | D:1      | Reached XP level 1. HP: 18/18 MP: 1/1
    93 | D:1      | Reached XP level 2. HP: 24/24 MP: 2/2
   278 | D:1      | Reached skill level 3 in Axes
   555 | D:1      | Reached XP level 3. HP: 29/29 MP: 3/3
   895 | D:2      | HP: 1/29 [poisoned by an adder]
  1231 | D:2      | Reached skill level 4 in Axes
  1231 | D:2      | Reached XP level 4. HP: 22/35 MP: 4/4
  1294 | D:2      | Found a runed translucent door.
  1295 | D:2      | Noticed Crazy Yiuf
  1452 | D:2      | Found a burning altar of Makhleb.
  1452 | D:2      | Found a glowing golden altar of the Shining One.
  1510 | D:2      | Reached XP level 5. HP: 19/41 MP: 5/5
  1765 | D:2      | Reached skill level 5 in Axes
  1943 | D:2      | Slain by Crazy Yiuf

Levels and vault maps discovered:
D:1:      moated_graveyard_arrival, layout_loops_corners
D:2:      layout_basic, gammafunk_temple_overflow_wave, first_ration,
          solitary_fountain, uniq_crazy_yiuf_cottage

Skill      XL: |  1  2  3  4  5 |
---------------+----------------+-----
Axes           | 3 4 5 |  5.1
Fighting       | |  3.2
Armour         | |  3.2
Shields        | |  3.6

Action                   |  1- 3 |  4- 6 || total
-------------------------+-------+-------++-------
Melee: War axe           |    84 |    66 ||   150
  Use: Potion            |     1 |       ||     1
  Eat: Chunk             |     1 |     2 ||     3
Armor: Scale mail        |    31 |    29 ||    60
Dodge: Dodged            |    16 |    22 ||    38
Block: Shield            |    38 |    50 ||    88
